Construct Section Command Post
Selects Canadian Shock Battlegroup
Selects Offensive Resupply
Selects Canadian Shock Section
Construct Platoon Command Post
6-pounder Anti-tank Gun Team
Selects Incendiary Munitions
Construct Company Command Post
Construct Field Infirmary
Unlock M3 Grant Medium Tanks
Selects Churchill Crocodile Heavy Tank
Churchill Crocodile Heavy Tank
Churchill Crocodile Heavy Tank
Churchill Crocodile Heavy Tank
Unlock Towed 17-pounder Anti-tank Guns
17-pounder Anti-tank Gun Team